 Dungeon Crawl Stone Soup version 0.31-a0-95-g6fa058ef04 (webtiles) character file.

Game seed: 6945322674512113649

14 jlumianski the Trooper (level 2, -2/24 HPs)
             Began as a Demonspawn Fighter on May 25, 2023.
             Succumbed to a goblin's poison
             ... on level 2 of the Dungeon.
             The game lasted 00:01:19 (258 turns).

jlumianski the Trooper (Demonspawn Fighter)          Turns: 258, Time: 00:01:19

Health: -2/24      AC:  6    Str: 16    XL:     2   Next: 31%
Magic:  2/2        EV:  8    Int:  9    God:
Gold:   24         SH:  4    Dex: 12    Spells: 1/1 levels left

rFire   . . .        a - +0 war axe
rCold   . . .        c - +0 buckler
rNeg    . . .        b - +0 scale mail
rPois   .            (no helmet)
rElec   .            (no cloak)
rCorr   .            (no gloves)
SInv    .            (no boots)
Will    .....        (no amulet) Stlth
                     (no ring)
HPRegen 0.24/turn    (no ring)
MPRegen 0.08/turn

%: no passive effects
@: lethally poisoned (-2 -> -18)
A: demonic touch 1
a: no special abilities


You were on level 2 of the Dungeon.
You visited 1 branch of the dungeon, and saw 2 of its levels.

You collected 24 gold pieces.

Inventory:

Hand Weapons
 a - a +0 war axe (weapon)
Armour
 b - a +0 scale mail (worn)
 c - a +0 buckler (worn)
Potions
 d - 2 potions of might
 e - a potion of invisibility {unknown}


   Skills:
 + Level 3.1 Fighting
 + Level 2.1 Axes
 + Level 2.9 Armour
 + Level 0.1 Dodging
 + Level 2.8 Shields


You had one spell level left.
You didn't know any spells.
Your spell library was empty.

Dungeon Overview and Level Annotations

Branches:
Dungeon (2/15)

Altars:


Innate Abilities, Weirdness & Mutations

Your touch may inflict minor irresistible damage on your foes.


Message History

Things that are here:
a +0 short sword; a kobold corpse; a jackal corpse
Found an escape hatch in the floor.
A bat comes into view.
The bat moves out of view.
You block the bat's attack.
You closely miss the bat. You block the bat's attack.
The bat barely misses you. You block the bat's attack.
You hit the bat but do no damage. The bat hits you.
* * * LOW HITPOINT WARNING * * *
The bat hits you.
* * * LOW HITPOINT WARNING * * *
You see here 16 gold pieces.
The bat barely misses you. The bat hits you but does no damage.
You barely miss the bat. The bat barely misses you.
The bat hits you but does no damage.
You barely miss the bat. You block the bat's attack. The bat hits you.
* * * LOW HITPOINT WARNING * * *
You slash the bat!
You kill the bat!
You start resting.
A goblin comes into view. It is wielding a +2 dagger of venom.
A rat comes into view.
The rat twitches its whiskers.
You closely miss the goblin. You block the goblin's attack.
You hit the goblin but do no damage.
The goblin hits you with a +2 dagger of venom.
* * * LOW HITPOINT WARNING * * *
You are lethally poisoned!
You closely miss the goblin. You hit the rat.
You kill the rat!
* * * LOW HITPOINT WARNING * * *
You feel very sick. The goblin hits you but does no damage.
You are more poisoned.
You block the goblin's attack.
You closely miss the goblin.
You die...

######.>.
##.!......
#########..........
#..................
#......†...........
#......)...........
########...........
#..†g.......
##.@........
##.$.......
##########


You could see a goblin.

Vanquished Creatures
  A dart slug (D:1)
  A hobgoblin (D:1)
  3 jackals (D:2)
  A kobold (D:2)
  A quokka (D:2)
  3 bats
  A frilled lizard (D:1)
  A rat (D:2)
12 creatures vanquished.

Notes
Turn   | Place    | Note
-------+----------+-------------------------------------------
     0 | D:1      | jlumianski the Demonspawn Fighter began the quest for the
                  | Orb.
     0 | D:1      | Reached XP level 1. HP: 18/18 MP: 1/1
   222 | D:2      | Discovered your monstrous ancestry.
   222 | D:2      | Gained mutation: Your touch may inflict minor irresistible
                  | damage on your foes. [demonic ancestry]
   222 | D:2      | Reached XP level 2. HP: 6/24 MP: 2/2
   258 | D:2      | Succumbed to a goblin's poison

Illustrated notes

Levels and vault maps discovered:
D:1:      lightli_arrival_flooded_house, layout_basic,
          hellmonk_ecumenical_altar_arch_garden
D:2:      layout_rooms

Skill      XL: |  1 |
---------------+----+-----
Axes           | 2 |  2.1
Fighting       | |  3.1
Armour         | |  2.9
Dodging        | |  0.1
Shields        | |  2.8

Action                     || total
---------------------------++-------
  Melee: War axe           ||    49
 Armour: Scale mail        ||    57
  Dodge: Dodged            ||    40
  Block: Buckler           ||    31

Table legend: (Time is in decaauts)
 A = Elapsed time spent in this place.
 B = Non-inter-level travel time spent in this place.
 C = Inter-level travel time spent in this place.
 D = Time resting spent in this place.
 E = Time spent auto-exploring this place.
 F = Levels seen in this place.
 G = Mean time per level.
                   A        B        C        D        E       F      G
               +--------+--------+--------+--------+--------+-----+--------+
         Total |    279 |    279 |      0 |      3 |    139 |   2 |  139.5 |
       Dungeon |    279 |    279 |      0 |      3 |    139 |   2 |  139.5 |
               +--------+--------+--------+--------+--------+-----+--------+

Top non-repeatable levels by time:
     D:1: 221 daAuts
     D:2: 58 daAuts
